 Dungeon Crawl Stone Soup version 0.30-a0-459-g9104f0fc43 (webtiles) character file.

Game seed: 14105884390476081486

2 snetch the Trooper (level 1, 0/20 HPs)
             Began as a Hill Orc Fighter on Dec 15, 2022.
             Succumbed to a kobold's poison
             ... on level 1 of the Dungeon.
             The game lasted 00:00:15 (18 turns).

snetch the Trooper (Hill Orc Fighter)                 Turns: 18, Time: 00:00:15

Health: 0/20       AC:  6    Str: 18    XL:     1   Next: 40%
Magic:  1/1        EV:  9    Int:  8    God:
Gold:   0          SH:  4    Dex: 10    Spells: 0/0 levels left

rFire   . . .      SeeInvis .    a - +0 war axe
rCold   . . .      Faith    .    c - +0 buckler
rNeg    . . .      Spirit   .    b - +0 scale mail
rPois   .          Reflect  .    (no helmet)
rElec   .          Harm     .    (no cloak)
rCorr   .          Rampage  .    (no gloves)
Will    .....                    (no boots)
Stlth   ..........               (no amulet)
HPRegen 0.23/turn                (no ring)
MPRegen 0.07/turn                (no ring)

@: lethally poisoned (0 -> -1)
A: no striking features
a: no special abilities


You were on level 1 of the Dungeon.
You visited 1 branch of the dungeon, and saw 1 of its levels.

Inventory:

Hand Weapons
 a - a +0 war axe (weapon)
 e - a +0 whip of venom
Armour
 b - a +0 scale mail (worn)
 c - a +0 buckler (worn)
Potions
 d - a potion of might


   Skills:
 + Level 3.6 Fighting
 + Level 2.7 Axes
 + Level 3.4 Armour
 + Level 3.3 Shields


You couldn't memorise any spells.
You didn't know any spells.
Your spell library was empty.

Dungeon Overview and Level Annotations

Branches:
Dungeon (1/15)

Altars:


Message History

Found three escape hatches in the floor.
A kobold comes into view. It is wielding a +0 whip of venom.
The kobold shouts!
An endoplasm comes into view.
The endoplasm quivers.
The kobold closely misses you.
You barely miss the kobold. The kobold barely misses you.
You closely miss the kobold.
The kobold hits you with a +0 whip of venom.
You are poisoned.
You slash the kobold!
You kill the kobold!
You feel very sick.
The endoplasm hits you but does no damage.
You feel sick. The endoplasm freezes you.
You are frozen.
* * * LOW HITPOINT WARNING * * *
You see here a +0 whip of venom.
You hit the endoplasm but do no damage.
* * * LOW HITPOINT WARNING * * *
You feel sick.
The endoplasm hits you but does no damage.
You barely miss the endoplasm.
* * * LOW HITPOINT WARNING * * *
You feel sick.
The endoplasm hits you but does no damage.
You block the endoplasm's attack.
Unknown command.
You slash the endoplasm!
You kill the endoplasm!
* * * LOW HITPOINT WARNING * * *
You feel sick.
Unknown command.
Press: ? - help, v - describe, . - travel, g - get item Item here: a +0 whip of venom.
The floor.
Unknown command.
e - a +0 whip of venom You die...

..... .....# ......
......###############
......>.............#
......#..#..#..#..#
#...............#
#..@............#
#.>............<#
#..........)....#
#...............#
......#..#.^#..#..#
##..>.............#
#..###############
#.. #.#


There were no monsters in sight!

Vanquished Creatures
  An endoplasm (D:1)
  A kobold (D:1)
2 creatures vanquished.

Notes
Turn   | Place    | Note
-------+----------+-------------------------------------------
     0 | D:1      | snetch the Hill Orc Fighter began the quest for the Orb.
     0 | D:1      | Reached XP level 1. HP: 19/19 MP: 1/1
    17 | D:1      | HP: 1/20 [poisoned by a kobold]
    18 | D:1      | Succumbed to a kobold's poison

Illustrated notes

Levels and vault maps discovered:
D:1:      lemuel_arrival_broad_hall, layout_basic, minmay_misc_feat_square

Action                   || total
-------------------------++-------
Melee: War axe           ||     6
Armor: Scale mail        ||     3
Dodge: Dodged            ||     2
Block: Buckler           ||     1

Table legend: (Time is in decaauts)
 A = Elapsed time spent in this place.
 B = Non-inter-level travel time spent in this place.
 C = Inter-level travel time spent in this place.
 D = Time resting spent in this place.
 E = Time spent auto-exploring this place.
 F = Levels seen in this place.
 G = Mean time per level.
                   A        B        C        D        E       F      G
               +--------+--------+--------+--------+--------+-----+--------+
         Total |     20 |     20 |      0 |      0 |      1 |   1 |   20.0 |
       Dungeon |     20 |     20 |      0 |      0 |      1 |   1 |   20.0 |
               +--------+--------+--------+--------+--------+-----+--------+

Top non-repeatable levels by time:
     D:1: 20 daAuts
